Map: Abyssal Reef LE

Players

TAURUS

  • Race: Terran Terran
  • League: Diamond
  • Spawn Location: 11:00

Dessa - Winner!

  • Race: Zerg Zerg
  • League: Diamond
  • Spawn Location: 5:00

VOD

Have the link to the VOD?

Description

Time

  • Played on: Dec. 8, 2017, 1:44 p.m.
  • Length: 8:42
Show
View Real Time Build Order
Export as new Build Order

TAURUS Terran 

Build Orders: Cyclone Opening, Mech 

Get SALT Encoding   

  12  0:00  SCV  
  13  0:13  SCV  
  14  0:17  Supply Depot  
  14  0:25  SCV  
  15  0:42  Barracks  
  15  0:45  Refinery  
  15  0:47  Refinery  
  15  0:50  SCV  
  16  1:02  SCV  
  17  1:14  SCV  
  18  1:30  Orbital Command  
  18  1:34  Factory  
  18  1:38  Barracks Reactor  
  18  1:47  Supply Depot  
  18  1:55  SCV  
  19  2:07  SCV  
  20  2:25  Supply Depot, Cyclone  
  20  2:26  Cyclone  
  26  2:31  SCV  
  27  2:43  SCV  
  28  2:57  Cyclone  
  28  2:58  SCV, Cyclone  
  35  3:11  Marine  
  36  3:15  SCV  
  37  3:25  Command Center  
  28  4:10  Cyclone x2  
  34  4:17  Bunker  
  34  4:25  Factory  
  34  4:31  Factory  
  34  4:42  Refinery, Cyclone  
  34  4:43  Refinery  
  24  5:07  SCV  
  24  5:17  Cyclone  
  28  5:26  Cyclone x2  
  32  5:36  Command Center  
  32  5:57  Factory Tech Lab  
  32  5:59  Factory Tech Lab  
  32  6:12  SCV  
  32  6:13  SCV  
  34  6:25  SCV x2  
  36  6:27  Bunker  
  36  6:30  Supply Depot  
  36  6:37  SCV x2  
  38  6:45  Siege Tank  
  38  6:46  Siege Tank  
  44  6:49  SCV  
  45  6:55  Supply Depot  
  33  7:04  Marine  
  33  7:05  SCV x2  
  36  7:15  Supply Depot  
  36  7:16  Supply Depot  
  36  7:17  SCV  
  36  7:18  SCV  
  36  7:19  Refinery  
  36  7:22  Marine  
  39  7:23  Refinery  
  39  7:39  Supply Depot, Marine  
  40  7:46  Siege Tank  
  40  7:47  Siege Tank  
  40  7:49  Cyclone x2  
  52  7:57  Marine  
  53  8:07  SCV x2  
  53  8:09  Armory  
  55  8:19  SCV x2  
Show
View Real Time Build Order
Export as new Build Order

Dessa Zerg - Winner!

Build Orders: Hatch First 

Get SALT Encoding   

  12  0:01  Drone  
  13  0:13  Overlord  
  13  0:18  Drone  
  14  0:31  Drone x2  
  14  0:34  Drone  
  17  0:45  Drone  
  18  0:58  Hatchery  
  18  0:59  Drone  
  18  1:08  Drone  
  19  1:17  Spawning Pool  
  18  1:19  Drone  
  19  1:28  Drone  
  19  1:31  Extractor  
  19  1:39  Overlord  
  19  1:50  Drone  
  20  2:02  Drone  
  20  2:03  Queen  
  23  2:09  Queen  
  23  2:11  Drone  
  23  2:12  Drone  
  27  2:21  Zergling x2  
  28  2:23  Drone  
  29  2:32  Metabolic Boost  
  29  2:34  Drone  
  30  2:37  Drone  
  30  2:38  Queen  
  33  2:45  Drone x2  
  33  2:50  Extractor  
  34  2:55  Drone  
  34  2:56  Overlord  
  35  3:14  Queen  
  35  3:19  Overlord  
  37  3:21  Overlord  
  37  3:29  Drone x3  
  39  3:36  Queen  
  39  3:37  Zergling x4  
  39  3:38  Zergling x6  
  43  4:04  Zergling x14  
  43  4:05  Zergling x2  
  47  4:22  Zergling x4  
  49  4:32  Drone x2  
  49  4:33  Drone x3  
  54  4:43  Hatchery  
  48  4:58  Drone  
  48  4:59  Drone, Extractor  
  50  5:00  Drone x2, Extractor, Overlord  
  50  5:01  Drone x3  
  53  5:14  Lair  
  53  5:15  Drone x3  
  53  5:16  Drone  
  57  5:35  Overlord  
  57  5:44  Drone x6  
  57  5:45  Overlord  
  63  5:50  Overlord  
  63  5:51  Evolution Chamber x2  
  61  5:58  Drone x2  
  61  5:59  Drone x3  
  61  6:01  Queen  
  67  6:09  Zergling x4  
  69  6:16  Zergling x4, Extractor x2  
  68  6:24  Zergling x10  
  68  6:25  Zergling x6, Spire  
  75  6:27  Overlord  
  75  6:46  Drone x3  
  73  7:12  Drone x3  
  73  7:13  Drone x4  
  73  7:14  Drone x3, Overlord  
  83  7:31  Overlord  
  83  7:37  Drone  
  83  7:38  Drone x2  
  83  7:39  Mutalisk x6  
  83  7:40  Mutalisk x2  
  83  7:41  Extractor, Hatchery  
  83  7:43  Extractor  
  98  7:58  Mutalisk x6  
  98  7:59  Overlord  
  98  8:00  Zergling x2  
  111  8:17  Mutalisk x5  
  121  8:20  Zergling x2  
  121  8:21  Zergling x12  
Tags
 
Composition
Mech
Matchup
TvZ
Replay Pack
2017S4
Spawn Locations
Cross Positions
Add a new tag
Caveats
  • Supply blocks, unpowered buildings, or Contaminate may cause inaccurate times.
  • Supply counts are checked every 10 seconds.